 Dungeon Crawl Stone Soup version 0.25-a0-583-g696c2ac64d (webtiles) character file.

Game seed: 17163145381517327303, levelgen mode: deterministic

50174 tilp the Fighter (level 14, -4/80 HPs)
             Began as a Vine Stalker Summoner on Mar 7, 2020.
             Was the Champion of Zin.
             Killed from afar by an ogre mage (27 damage)
             ... with a bolt of lightning
             ... while paralysed by an ogre mage
             ... on level 2 of the Orcish Mines on Mar 8, 2020.
             The game lasted 01:23:30 (20783 turns).

tilp the Fighter (Vine Stalker Summoner)           Turns: 20783, Time: 01:23:31

Health: -4/80      AC: 15    Str: 13    XL:     14   Next: 54%
Magic:  0/42       EV:  2    Int: 17    God:    Zin [******]
Gold:   1336       SH:  0    Dex: 16    Spells: 11/25 levels left

rFire    . . .     SeeInvis .   a - +5 broad axe (flame)
rCold    . . .     Gourm    .   (no shield)
rNeg     . . .     Faith    .   n - +0 troll leather armour
rPois    .         Spirit   +   m - +1 helmet
rElec    .         Reflect  .   s - +1 cloak
rCorr    .         Harm     .   d - +1 pair of gloves
MR       +....                  L - +4 pair of boots of a Labyrinth {MP+9}
Stlth    ++........             (no amulet)
HPRegen  1.43/turn              j - ring of magical power
MPRegen  0.28/turn              V - +4 ring of evasion

@: paralysed
A: fangs 3, regeneration 2, magic shield, antimagic bite, no potion heal 3, rot
immunity
a: Recite, Vitalisation, Imprison, Sanctuary, Donate Gold, Renounce Religion


You were on level 2 of the Orcish Mines.
You worshipped Zin.
Zin was exalted by your worship.
You were not hungry.

You visited 4 branches of the dungeon, and saw 20 of its levels.
You also visited: Ossuary, Bailey and Volcano.

You collected 1557 gold pieces.
You donated 221 gold pieces to Zin.

Inventory:

Hand Weapons
 a - a +5 broad axe of flaming (weapon)
Missiles
 K - 12 curare-tipped darts (quivered)
 N - 13 boomerangs
 Q - 2 silver boomerangs
Armour
 d - a +1 pair of gloves (worn)
 m - a +1 helmet (worn)
 n - a +0 troll leather armour (worn)
 s - a +1 cloak (worn)
 L - the +4 pair of boots of a Labyrinth (worn) {MP+9}
   (You found it on level 6 of the Dungeon)

   It affects your magic capacity (+9).
 O - a scarf of resistance
Jewellery
 f - an uncursed ring of fire
 h - an uncursed ring of resist corrosion
 j - a ring of magical power (left hand)
 q - an uncursed amulet of rage {unknown}
 y - an uncursed ring of see invisible
 B - an uncursed ring of flight
 V - a +4 ring of evasion (right hand)
 W - an uncursed ring of protection from cold
 Z - an uncursed ring of positive energy
Wands
 e - a wand of digging (5)
 l - a wand of flame (13)
 I - a wand of iceblast (15)
 M - a wand of scattershot (7)
 R - a wand of disintegration (16)
Scrolls
 b - a scroll of summoning
 g - a scroll of fog {unknown}
 k - 9 scrolls of remove curse
 w - a scroll of holy word
 z - a scroll of amnesia
 A - a scroll of silence {unknown}
 G - a scroll of teleportation
 S - 2 scrolls of brand weapon
 X - a scroll of fear {unknown}
Potions
 i - 3 potions of magic
 o - 3 potions of curing
 r - 4 potions of berserk rage
 t - 3 potions of resistance
 u - 2 potions of haste
 v - 2 potions of flight
 C - a potion of cancellation
 D - 3 potions of brilliance
 E - 4 potions of stabbing
 F - a potion of might
 H - 2 potions of ambrosia
 J - a potion of mutation
 T - a potion of invisibility
Miscellaneous
 p - a phantom mirror
 P - a tin of tremorstones
Comestibles
 c - 24 rations


   Skills:
 - Level 12.0 Fighting
 * Level 10.4 Axes
 - Level 4.1 Throwing
 - Level 6.0 Dodging
 - Level 2.4 Stealth
 - Level 6.0 Spellcasting
 - Level 10.0 Summonings
 - Level 2.0 Ice Magic
 - Level 2.0 Air Magic
 - Level 10.1 Invocations
 - Level 6.0 Evocations


You had 11 spell levels left.
You knew the following spells:

 Your Spells              Type           Power        Failure   Level  Hunger
a - Summon Small Mammal   Summ           ####         1%          1    None
c - Call Canine Familiar  Summ           #####...     1%          3    ##.....
d - Summon Ice Beast      Ice/Summ       ####....     14%         4    ####...
e - Summon Lightning Spi  Summ/Air       ####....     14%         4    ####...
f - Blink                 Tloc           N/A          24%         2    None

Your spell library contained the following spells:

 Spells                   Type           Power        Failure   Level  Hunger
 Call Imp                 Summ           #####...     1%          2    None
 Summon Guardian Golem    Hex/Summ       ###.....     6%          3    ##.....
 Magic Dart               Conj           #...         16%         1    None
 Searing Ray              Conj           #.....       24%         2    None
 Slow                     Hex            #.......     24%         2    None
 Static Discharge         Conj/Air       #.......     32%         3    ##.....
 Mephitic Cloud           Conj/Pois/Air  #.......     36%         3    ##.....
 Conjure Flame            Conj/Fire      #.......     43%         3    ##.....
 Dazzling Flash           Conj/Hex       #.....       43%         3    ##.....
 Fulminant Prism          Conj/Hex       #.........   85%         4    ####...
 Iskenderun's Mystic Bla  Conj/Tloc      #.......     85%         4    ####...
 Lightning Bolt           Conj/Air       #.........   96%         5    #####..
 Ignition                 Fire           #.........   100%        8    #######
 Shatter                  Erth           #.........   100%        9    #######
 Tornado                  Air            ##........   100%        9    #######


Dungeon Overview and Level Annotations

Branches:
Dungeon (11/15)            Temple (1/1) D:4            Lair (6/6) D:8
  Swamp (0/4) Lair:2        Snake (0/4) Lair:3        Slime (0/5) Lair:5
    Orc (2/2) D:10        Ossuary (visited)          Bailey (visited)
Volcano (visited)
    Elf: Orc:2

Altars:
Ashenzari
Cheibriados
Dithmenos
Elyvilon
Fedhas
Gozag
Hepliaklqana
Kikubaaqudgha
Makhleb
Nemelex Xobeh
Okawaru
Qazlal
Ru
Sif Muna
Trog
Uskayaw
Vehumet
Wu Jian
Xom
Yredelemnul
Zin
The Shining One
Jiyva

Shops:
D:5 =   D:11 !   Orc:1 (   Orc:2 !

Annotations:
D:5 Grinder
D:6 1 runed translucent door, Crazy Yiuf
Lair:2 Urug


Innate Abilities, Weirdness & Mutations

You have razor-sharp teeth.
You heal very quickly.
When hurt, damage is shared between your health and your magic reserves.
Your bite disrupts and absorbs the magic of your enemies.
Potions cannot restore your health.
You are immune to rotting.


Message History

Unknown command.
You hit the stone giant but do no damage.
The stone giant is lightly wounded.
The ogre mage gestures at you while chanting.
You suddenly lose the ability to move!
Your ice beast hits the stone giant but does no damage.
Your hound bites the stone giant but does no damage.
The ogre mage casts a spell at you. The bolt of lightning hits you!!
* * * LOW HITPOINT WARNING * * *
The bolt of lightning hits you!!
* * * LOW HITPOINT WARNING * * *
The orc warrior completely misses you.
The stone giant hits you but does no damage.
Your hound bites the stone giant but does no damage.
The ogre mage points at you and mumbles some strange words.
The bolt of lightning hits you!!! Zin protects you from harm!
The bolt of lightning hits you!!
You die...

......########..##
........................
........................
.........#..............
.......##.....#.........
...............##.#.....
..............##8.......
..............#.)Co.....
.........##....#@hY.....
........#####...))).....
...)....# ##....O.....
........## #............
.........##.(...........
.##......###............
# ##..#.## .............
###### ....#.........
##...#........


You could see a stone giant, an ogre mage, an orc warrior, a friendly ice beast,
a friendly lightning spire and a friendly hound.

Vanquished Creatures
  A fire dragon (Volcano)
  3 hydras
  2 catoblepae
  12 two-headed ogres
  An ogre mage (Orc:1)
  A deep troll shaman (Lair:6)
  5 death yaks (Lair:6)
  Sonja (Lair:6)
  A lindwurm (Lair:6)
  A manticore (D:11)
  7 elephants
  5 black mambas
  A guardian serpent (D:11)
  6 spiny frogs
  4 komodo dragons
  A troll (Orc:1)
  3 hippogriffs
  9 dream sheep
  8 blink frogs
  A spriggan (D:6)
  A wraith (D:10)
  Eustachio (D:5)
  23 yaks
  A basilisk (D:11)
  A fire bat (Volcano)
  A steam dragon (Volcano)
  A hungry ghost (D:11)
  3 nagas (Lair:3)
  4 water moccasins
  A hell hound (Volcano)
  6 porcupines
  A sky beast (D:11)
  6 orc warriors
  An eye of draining (D:11)
  3 ice beasts
  2 black bears
  17 ogres
  A phantom (D:10)
  7 crocodiles
  2 centaurs
  20 wolves
  2 big kobolds
  6 bullfrogs
  2 scorpions
  14 killer bees
  2 wights (D:10)
  4 howler monkeys
  A crimson imp (D:9)
  2 hounds
  5 bullfrog skeletons
  A jelly (D:5)
  10 orc priests
  20 orc wizards
  A centaur skeleton (D:4)
  3 iguanas
  4 worker ants
  2 hound zombies (D:7)
  A hound skeleton (D:4)
  3 mummies (Ossuary)
  A worker ant zombie (D:10)
  7 gnolls
  4 adders
  2 shadow imps (D:9)
  3 adder zombies
  An adder skeleton (D:6)
  3 worms
  A dart slug (D:2)
  4 leopard geckos
  56 orcs
  6 giant cockroaches
  4 goblins
  4 hobgoblins
  7 jackals
  4 quokkas
  6 bats
  5 frilled lizards
  A goblin zombie (Ossuary)
  22 kobolds
  A kobold zombie (Ossuary)
  4 quokka zombies (Ossuary)
  4 rats
  5 rat zombies (Ossuary)
  2 fungi (Lair:6)
  A plant (D:1)
417 creatures vanquished.

Vanquished Creatures (collateral kills)
  Harold (D:7)
  4 hydras
  3 two-headed ogres (Orc:2)
  An ogre mage (Orc:2)
  2 death yaks (Lair:6)
  A lindwurm (Volcano)
  A black mamba (Lair:1)
  4 elephants
  A torpor snail (Lair:6)
  3 komodo dragons
  13 blink frogs
  Prince Ribbit (D:5)
  2 bog bodies
  2 hippogriffs
  4 dream sheep (Lair:6)
  3 fire bats (Volcano)
  14 yaks
  2 basilisks
  A naga (Lair:3)
  2 swamp worms (Lair:2)
  5 porcupines
  A hell hound (Volcano)
  9 water moccasins
  A black bear (Lair:6)
  An eye of draining (D:8)
  3 ice beasts
  3 centaurs
  10 ogres
  8 wolves (Lair:6)
  3 crocodiles
  2 big kobolds
  A bullfrog (Lair:3)
  A scorpion (D:3)
  A wight (D:10)
  2 killer bees
  3 electric eels
  A crimson imp (D:5)
  3 orc priests
  7 orc wizards
  A gnoll shaman (D:4)
  2 bullfrog skeletons
  Jessica (D:3)
  An iguana (D:4)
  A worker ant (D:5)
  6 gnolls
  4 adders
  A shadow imp (D:7)
  An adder zombie (Ossuary)
  A worm (D:4)
  3 dart slugs
  15 orcs
  A giant cockroach (D:1)
  2 goblins
  5 jackals
  A goblin zombie (Ossuary)
  A hobgoblin zombie (Ossuary)
  A jackal zombie (D:7)
  10 kobolds
  A leopard gecko zombie (D:5)
  A quokka zombie (D:7)
  2 rat zombies (Ossuary)
192 creatures vanquished.

Vanquished Creatures (others)
  14 fungi
  15 plants
29 creatures vanquished.

Grand Total: 638 creatures vanquished

Notes
Turn   | Place    | Note
-------+----------+-------------------------------------------
     0 | D:1      | tilp the Vine Stalker Summoner began the quest for the Orb.
     0 | D:1      | Reached XP level 1. HP: 9/9 MP: 4/4
   627 | D:1      | Reached XP level 2. HP: 13/13 MP: 4/6
   631 | D:1      | Learned a level 2 spell: Call Imp
  1195 | D:1      | Reached XP level 3. HP: 16/16 MP: 5/7
  1211 | D:1      | Learned a level 3 spell: Call Canine Familiar
  1323 | D:2      | Reached skill level 5 in Summonings
  1662 | D:2      | Found a faded altar of an unknown god.
  2037 | D:2      | Reached skill level 1 in Fighting
  2077 | D:2      | Gained mutation: Your natural rate of healing is unusually
                  | fast. [Vine Stalker growth]
  2077 | D:2      | Reached XP level 4. HP: 23/23 MP: 4/8
  2085 | D:2      | Reached skill level 2 in Fighting
  2521 | D:3      | Noticed Jessica
  2542 | D:3      | Killed Jessica
  2571 | D:3      | Reached skill level 3 in Fighting
  2571 | D:3      | Reached XP level 5. HP: 22/28 MP: 7/9
  3203 | D:3      | Found a stormy altar of Qazlal.
  3382 | D:4      | Reached skill level 4 in Fighting
  3420 | D:4      | Reached XP level 6. HP: 33/33 MP: 10/10
  3821 | D:4      | Found a glowing golden altar of the Shining One.
  3861 | D:4      | Reached XP level 7. HP: 31/38 MP: 11/11
  3886 | D:4      | Found a staircase to the Ecumenical Temple.
  3903 | Temple   | Entered the Ecumenical Temple
  4016 | Temple   | Became a worshipper of Zin the Law-Giver
  4016 | Temple   | Reached * piety under Zin
  4039 | D:4      | Donated 66 gold pieces to Zin
  4069 | D:4      | Reached skill level 5 in Fighting
  4529 | D:5      | Entered Level 5 of the Dungeon
  4554 | D:5      | Found a sand-covered staircase.
  4573 | Ossuary  | Entered an ossuary
  4693 | Ossuary  | Reached ** piety under Zin
  4815 | D:5      | Found Padag's Jewellery Shoppe.
  4851 | D:5      | Noticed Prince Ribbit
  4873 | D:5      | Killed Prince Ribbit
  4873 | D:5      | Reached skill level 6 in Fighting
  4925 | D:5      | Noticed Grinder
  5003 | D:5      | Gained mutation: You have razor-sharp teeth. [Vine Stalker
                  | growth]
  5003 | D:5      | Reached XP level 8. HP: 37/45 MP: 13/13
  5030 | D:5      | Noticed Eustachio
  5366 | D:5      | Killed Eustachio
  5594 | D:5      | Reached skill level 1 in Invocations
  5594 | D:5      | Reached skill level 1 in Evocations
  5983 | D:6      | Got a pair of dazzling boots
  5984 | D:6      | Identified the +4 pair of boots of a Labyrinth {MP+9} (You
                  | found it on level 6 of the Dungeon)
  6347 | D:6      | Found a runed translucent door.
  6348 | D:6      | Noticed Crazy Yiuf
  6578 | D:7      | Noticed a spriggan baker
  6625 | D:6      | Killed a spriggan baker
  6625 | D:6      | Reached XP level 9. HP: 28/49 MP: 16/16
  6697 | D:7      | Found an iron altar of Okawaru.
  6714 | D:7      | Reached *** piety under Zin
  6829 | D:7      | Found a hazy altar of Hepliaklqana.
  6836 | D:7      | Found a sacrificial altar of Ru.
  6844 | D:7      | Found an ornate altar of the Wu Jian Council.
  6856 | D:7      | Found a stormy altar of Qazlal.
  6863 | D:7      | Found a burning altar of Makhleb.
  6868 | D:7      | Found a shimmering altar of Xom.
  6875 | D:7      | Found a blossoming altar of Fedhas.
  7003 | D:7      | Noticed Harold
  7496 | D:7      | Killed Harold
  7496 | D:7      | Reached skill level 7 in Fighting
  7720 | D:8      | Found a flagged portal.
  7752 | Bailey   | Entered a bailey
  7755 | Bailey   | Noticed an orc knight
  7755 | Bailey   | Noticed an orc knight
  7756 | Bailey   | Noticed an orc knight
  7784 | D:8      | Reached **** piety under Zin
  7799 | D:8      | Reached skill level 8 in Fighting
  7826 | D:8      | Reached skill level 5 in Spellcasting
  7833 | D:8      | Found a staircase to the Lair.
  8043 | D:8      | Found an opulent altar of Gozag.
  8123 | D:9      | Reached XP level 10. HP: 51/56 MP: 19/19
  8130 | D:9      | Learned a level 4 spell: Summon Ice Beast
  8135 | D:9      | Learned a level 4 spell: Summon Lightning Spire
  8138 | D:9      | Learned a level 2 spell: Blink
  8327 | D:9      | Noticed a two-headed ogre
  8333 | D:9      | Killed a two-headed ogre
  8608 | D:9      | Reached skill level 1 in Throwing
  8836 | D:10     | Entered Level 10 of the Dungeon
  8902 | D:10     | Found a staircase to the Orcish Mines.
  9222 | D:10     | Reached ***** piety under Zin
  9451 | D:10     | Noticed a centaur warrior
  9863 | D:10     | Reached XP level 11. HP: 37/60 MP: 21/21
 10075 | D:11     | Reached skill level 10 in Summonings
 10134 | D:11     | Found Biyl Oqi's Distillery.
 10165 | D:11     | Reached skill level 1 in Ice Magic
 10165 | D:11     | Reached skill level 1 in Air Magic
 10196 | D:11     | Noticed a manticore
 10214 | D:11     | Killed a manticore
 10539 | D:11     | Noticed a six-headed hydra
 10677 | D:11     | Reached skill level 9 in Fighting
 10703 | D:11     | Killed a six-headed hydra
 11073 | Lair:1   | Entered Level 1 of the Lair of Beasts
 11355 | Lair:1   | Reached skill level 10 in Fighting
 11375 | Lair:1   | Noticed a five-headed hydra
 11382 | Lair:1   | Killed a five-headed hydra
 11382 | Lair:1   | Reached skill level 5 in Invocations
 11453 | Lair:1   | You fall into a shaft and drop 1 floor!
 11805 | Lair:1   | Noticed a seven-headed hydra
 11835 | Lair:1   | Killed a seven-headed hydra
 11843 | Lair:1   | Gained mutation: You heal very quickly. [Vine Stalker
                  | growth]
 11843 | Lair:1   | Reached XP level 12. HP: 17/67 MP: 22/22
 13051 | Lair:2   | Noticed a catoblepas
 13267 | Lair:2   | Noticed Urug
 13356 | Lair:2   | Killed a catoblepas
 13566 | Lair:2   | Found a staircase to the Swamp.
 14289 | Lair:3   | Found a staircase to the Snake Pit.
 14457 | Lair:3   | Noticed a four-headed hydra
 14466 | Lair:3   | Killed a four-headed hydra
 14833 | Lair:4   | Noticed a six-headed hydra
 14844 | Lair:4   | Killed a six-headed hydra
 14844 | Lair:4   | Reached skill level 10 in Invocations
 14892 | Lair:4   | Noticed a six-headed hydra
 14905 | Lair:4   | Killed a six-headed hydra
 14905 | Lair:4   | Reached skill level 5 in Evocations
 16126 | Lair:5   | Found a dark tunnel.
 16129 | Lair:5   | Noticed a seven-headed hydra
 16168 | Volcano  | Entered a volcano
 16202 | Volcano  | Noticed a fire dragon
 16224 | Volcano  | Killed a fire dragon
 16278 | Volcano  | Reached skill level 5 in Dodging
 16342 | Volcano  | Reached XP level 13. HP: 24/72 MP: 1/23
 16469 | Lair:5   | Reached skill level 1 in Axes
 16847 | Lair:5   | Found a viscous altar of Jiyva.
 16848 | Lair:5   | Found a staircase to the Slime Pits.
 17301 | Lair:6   | Entered Level 6 of the Lair of Beasts
 17492 | Lair:6   | Reached skill level 11 in Fighting
 17512 | Lair:6   | Upgraded the game from 0.25-a0-578-gc91f01c39c to
                  | 0.25-a0-583-g696c2ac64d
 17576 | Lair:6   | Reached skill level 5 in Axes
 17590 | Lair:6   | HP: 3/74 [blink frog (8)]
 17594 | Lair:6   | Noticed Sonja
 17594 | Lair:6   | HP: 1/74 [poisoned by a black mamba]
 19201 | Lair:6   | Killed Sonja
 19341 | Lair:6   | Reached XP level 14. HP: 62/79 MP: 24/24
 19586 | Lair:6   | Reached ****** piety under Zin
 19838 | Orc:1    | Entered Level 1 of the Orcish Mines
 20026 | Orc:1    | Found Nujehoatz's Antique Weapon Boutique.
 20234 | Orc:2    | Entered Level 2 of the Orcish Mines
 20247 | Orc:2    | Found Taely's Distillery.
 20355 | Orc:2    | Reached skill level 12 in Fighting
 20602 | Orc:2    | Reached skill level 10 in Axes
 20768 | Orc:2    | Noticed a stone giant
 20782 | Orc:2    | Paralysed by an ogre mage for 7 turns
 20783 | Orc:2    | Zin protects you from harm!
 20783 | Orc:2    | Killed from afar by an ogre mage

Levels and vault maps discovered:
D:1:      tarquinn_simple_flora_water_a, layout_loops_cross, fountainhead,
          lexackson_kobold_supper
D:2:      layout_basic, chequers_ecumenical_altar_simple_redux,
          corexii_corridor_pit, serial_bayou_ford_a
D:3:      wad_lake_hut, layout_basic, first_ration,
          nicolae_qazlal_eye_of_the_storm, uniq_jessica
D:4:      layout_cave_pods, lemuel_crystal_altar, minmay_temple_entry_waves
D:5:      layout_basic, serial_shops, shop,
          lightli_ossuary_entry_decrepit_ruins, uniq_eustachio, uniq_grinder,
          uniq_prince_ribbit1
D:6:      layout_rooms, eino_small_chamber_without_monster,
          uniq_crazy_yiuf_cottage
D:7:      layout_loops_ring, grunt_temple_overflow_octagram, the_bakery,
          okawaru_ov_weapons_minmay, uniq_harold
D:8:      layout_rooms, overflow_temple_1_default, lair_entry_dummy,
          enter_bailey_6
D:9:      layout_roguey, minmay_crystal_room
D:10:     minmay_chambers_of_sevens, layout_long_grid, orc_0_dummy,
          onia_ninara_dug_in_and_dangerous
D:11:     layout_long_grid, serial_shops, shop, nrook_guardian_serpent_double
Temple:   dshaligram_water_room_temple
Lair:1:   layout_cave_pods, infiniplex_staircase_pool
Lair:2:   layout_cave_pods, nicolae_swamp_entry_splash_gauntlet,
          lemuel_fruit_tree, uniq_urug
Lair:3:   layout_roguey, minmay_snake_entry_guardpost_small
Lair:4:   layout_cave_pods, serial_bayou, serial_bayou_pond_d,
          serial_bayou_pond_e, serial_bayou_crossing, serial_bayou_lake_a,
          serial_bayou_pond_e, serial_bayou_shore_b,
          infiniplex_staircase_pool_2, lemuel_fruit_fields
Lair:5:   layout_misc_corridors, slime_altar_1, nicolae_volcano_entry_two_sided,
          grunt_megastairs_1, lemuel_fruit_fields, serial_bayou_shore_b,
          lemuel_fruit_fields
Lair:6:   grunt_lair_end_beastmaster, layout_loops_ring,
          grunt_forest_large_clearings, uniq_sonja
Orc:1:    layout_caves, serial_shops, shop_fountains
Orc:2:    st_orc_ogre_mass, layout_caves, serial_shops, shop

Skill      XL: |  1  2  3  4  5  6  7  8  9 10 11 12 13 14 |
---------------+-------------------------------------------+-----
Summonings     | 5 6 9 10 | 10.0
Fighting       | 1 3 4 6 8 10 11 12 | 12.0
Dodging        | 2 4 5 6 |  6.0
Spellcasting   | 4 5 6 |  6.0
Invocations    | 4 7 10 | 10.1
Evocations     | 3 4 6 |  6.0
Throwing       | 4 |  4.1
Ice Magic      | 2 |  2.0
Air Magic      | 2 |  2.0
Axes           | 7 10 | 10.4
Stealth        | |  2.4

Action                   |  1- 3 |  4- 6 |  7- 9 | 10-12 | 13-15 || total
-------------------------+-------+-------+-------+-------+-------++-------
Melee: Unarmed           |    28 |       |       |       |       ||    28
       Bite              |    41 |    59 |   139 |   300 |   156 ||   695
       Short sword       |    92 |   222 |   200 |       |       ||   514
       Whip              |       |       |   211 |  1019 |     2 ||  1232
       Broad axe         |       |       |       |       |   438 ||   438
Throw: Stone             |     4 |     7 |     1 |       |       ||    12
       Throwing net      |       |       |     4 |       |       ||     4
       Boomerang         |       |       |     1 |     9 |       ||    10
       Dart              |       |       |       |    17 |     4 ||    21
 Cast: Summon Small Mamm |     9 |     1 |    14 |     2 |       ||    26
       Call Imp          |    10 |    20 |     1 |       |       ||    31
       Call Canine Famil |       |    11 |    39 |    38 |    13 ||   101
       Summon Ice Beast  |       |       |       |    62 |    67 ||   129
       Summon Lightning  |       |       |       |    27 |    30 ||    57
       Blink             |       |       |       |     8 |     1 ||     9
Invok: Donate Gold       |       |       |     2 |       |       ||     2
       Vitalisation      |       |       |     4 |     2 |     1 ||     7
       Imprison          |       |       |       |     1 |       ||     1
Evoke: Wand              |       |       |     1 |     8 |       ||     9
  Use: Scroll            |       |     9 |    17 |     8 |    10 ||    44
       Potion            |       |       |     1 |     1 |     3 ||     5
 Stab: Sleeping          |     4 |     2 |     8 |     4 |     1 ||    19
       Distracted        |       |     3 |     4 |     7 |     9 ||    23
  Eat: Chunk             |     4 |     9 |     9 |    34 |    23 ||    79
       Ration            |       |       |     3 |     4 |     3 ||    10
Armor: Robe              |    32 |    27 |   110 |   326 |   124 ||   619
       Troll leather arm |       |       |       |       |    26 ||    26
Dodge: Dodged            |    65 |   172 |   512 |  1104 |   614 ||  2467

Table legend:
 A = Non-vault XP
 B = Vault XP
 C = Vault XP percentage of total XP
 D = Non-vault monster count
 E = Vault monster count
 F = Vault count percentage of total count
                 A         B        C        D         E       F
            +---------+---------+-------+---------+---------+-------
      Total |   43822 |   27856 |  38.9 |     477 |     129 |  21.3
            +---------+---------+-------+---------+---------+-------
        D:1 |      27 |      11 |  28.9 |      17 |       8 |  32.0
        D:2 |      59 |       0 |   0.0 |      16 |       0 |   0.0
        D:3 |     150 |      19 |  11.2 |      33 |       1 |   2.9
        D:4 |     467 |       0 |   0.0 |      32 |       0 |   0.0
        D:5 |     406 |     355 |  46.6 |       9 |       2 |  18.2
        D:6 |     678 |     194 |  22.2 |      23 |       1 |   4.2
        D:7 |     293 |     702 |  70.6 |      15 |       1 |   6.2
        D:8 |    1093 |       0 |   0.0 |      25 |       0 |   0.0
        D:9 |    1947 |       0 |   0.0 |      40 |       0 |   0.0
       D:10 |    3006 |       0 |   0.0 |      43 |       0 |   0.0
       D:11 |    3920 |     303 |   7.2 |      47 |       1 |   2.1
     Lair:1 |    4998 |      48 |   1.0 |      24 |       1 |   4.0
     Lair:2 |    2834 |     357 |  11.2 |      17 |       4 |  19.0
     Lair:3 |    1200 |     454 |  27.4 |       7 |       4 |  36.4
     Lair:4 |    5644 |       0 |   0.0 |      26 |       0 |   0.0
     Lair:5 |    5490 |    1898 |  25.7 |      26 |       9 |  25.7
     Lair:6 |    9091 |    8534 |  48.4 |      37 |      34 |  47.9
      Orc:1 |     866 |     893 |  50.8 |      13 |       1 |   7.1
      Orc:2 |    1653 |   12247 |  88.1 |      27 |      32 |  54.2
    Ossuary |       0 |      77 | 100.0 |       0 |      21 | 100.0
    Volcano |       0 |    1764 | 100.0 |       0 |       9 | 100.0
            +---------+---------+-------+---------+---------+-------
